 Dungeon Crawl Stone Soup version 0.23-a0-32-g1388f29e54 (webtiles) character file.

1803 Ablot the Charmwright (level 9, -2/103 HPs)
             Began as a Gnoll Skald on Aug 4, 2018.
             Slain by a two-headed ogre
             ... wielding a +0 giant club
              (3 damage)
             ... on level 6 of the Dungeon.
             The game lasted 00:16:18 (5970 turns).

Ablot the Charmwright (Gnoll Skald)                 Turns: 5970, Time: 00:16:19

Health: -2/103     AC: 24    Str: 15    XL:     9   Next: 9%
Magic:  0/18       EV:  2    Int: 15    God:
Gold:   221        SH:  0    Dex: 17    Spells: 9/20 levels left

rFire    . . .     SeeInvis .   a - -1 short sword (curse)
rCold    . . .     Gourm    .   (no shield)
rNeg     + + +     Faith    .   (armour currently unavailable)
rPois    +         Spirit   +   (helmet currently unavailable)
rElec    .         Reflect  .   (cloak currently unavailable)
rCorr    .         Harm     .   (gloves currently unavailable)
MR       .....     NoTele   +   (boots currently unavailable)
Stlth    ++++......             i - amulet of guardian spirit
HPRegen  0.27/turn              k - ring of stealth
MPRegen  0.16/turn              (no ring)

@: tree-form, infused, drained
A: distributed training, strong nose
a: no special abilities


You were on level 6 of the Dungeon.
You were not hungry.
You were a tree.
You visited 1 branch of the dungeon, and saw 6 of its levels.

You collected 221 gold pieces.

Inventory:

Hand Weapons
 a - a cursed -1 short sword (weapon)
 j - a +3 dagger of speed
Missiles
 b - 22 sling bullets
 f - 34 poisoned needles
 n - 65 arrows
 r - 5 curare-tipped needles
Armour
 p - a +1 pair of gloves (melded)
 q - a +1 hat (melded)
 s - the +1 leather armour "Ubinaesm" (melded) {+Fly rElec}
   (You found it on level 5 of the Dungeon)

   It insulates you from electricity.
   It lets you fly.
Jewellery
 i - an amulet of guardian spirit (around neck)
 k - a ring of stealth (left branch)
Wands
 u - a wand of digging (14)
 w - a wand of flame (58)
Scrolls
 e - 3 scrolls of identify
 g - a scroll of fog
 h - 3 scrolls of amnesia
 l - 3 scrolls of teleportation
Potions
 c - 6 potions of curing
 m - a potion of flight
 o - a potion of lignification
 t - a potion of berserk rage {unknown}
 v - a potion of might
Comestibles
 d - 13 rations


   Skills:
 + Level 6.0(5.6) Fighting
 + Level 6.0(5.6) Short Blades
 + Level 3.8(3.4) Long Blades
 + Level 3.8(3.4) Axes
 + Level 3.8(3.4) Maces & Flails
 + Level 3.8(3.4) Polearms
 + Level 3.8(3.4) Staves
 + Level 3.8(3.4) Slings
 + Level 3.8(3.4) Bows
 + Level 3.8(3.4) Crossbows
 + Level 3.8(3.4) Throwing
 + Level 4.6(4.2) Armour
 + Level 6.0(5.6) Dodging
 + Level 3.8(3.4) Stealth
 + Level 3.8(3.4) Shields
 + Level 3.8(3.4) Unarmed Combat
 + Level 6.3(5.9) Spellcasting
 + Level 3.1(2.7) Conjurations
 + Level 3.1(2.7) Hexes
 + Level 6.3(5.9) Charms
 + Level 3.1(2.7) Summonings
 + Level 3.1(2.7) Necromancy
 + Level 3.1(2.7) Translocations
 + Level 3.1(2.7) Transmutations
 + Level 3.1(2.7) Fire Magic
 + Level 3.1(2.7) Ice Magic
 + Level 3.1(2.7) Air Magic
 + Level 3.1(2.7) Earth Magic
 + Level 3.1(2.7) Poison Magic
 + Level 4.2(3.8) Invocations
 + Level 3.8(3.4) Evocations


You had 9 spell levels left.
You knew the following spells:

 Your Spells              Type           Power        Failure   Level  Hunger
a - Infusion              Chrm           ###.         1%          1    None
b - Song of Slaying       Chrm           ###.....     1%          2    #......
c - Shroud of Golubria    Chrm/Tloc      ###.......   3%          2    #......
d - Regeneration          Chrm/Necr      ###.......   8%          3    ###....
e - Spectral Weapon       Hex/Chrm       ###.....     8%          3    ###....

Your spell library contained the following spells:

 Spells                   Type           Power        Failure   Level  Hunger


Dungeon Overview and Level Annotations

Branches:
Dungeon (6/15)
 Temple: D:4-7

Altars:
Elyvilon
Hepliaklqana
Ru
Zin

Shops:
D:5 (


Innate Abilities, Weirdness & Mutations

Your experience applies equally to all skills.
((You have very sharp teeth.))
Your uncanny sense of smell can sniff out nearby items.


Message History

The two-headed ogre hits your spectral weapon with a giant club!!
Your spectral weapon shares its damage with you!
Your spectral weapon fades away.
The two-headed ogre shouts in stereo!
You hit the two-headed ogre.
The two-headed ogre is almost dead.
The two-headed ogre hits you with a giant club!
* * * LOW HITPOINT WARNING * * *
The two-headed ogre hits you with a giant club!
* * * LOW HITPOINT WARNING * * *
Unknown command.
You turn into a tree.
Your +1 hat melds into your body.
Your +1 pair of gloves melds into your body.
The +1 leather armour "Ubinaesm" {+Fly rElec} melds into your body.
Your roots penetrate the ground.
You barely miss the two-headed ogre.
The two-headed ogre is almost dead.
The two-headed ogre hits you but does no damage.
The two-headed ogre hits you with a giant club.
You die...

#.........#.................#
######..###..#...############
#.......#...# #.####.##...#
##......##.### #........#.#
#.######.#.# #.# #.#.######
#.# ####...♣....#
#####.###.......O.#.#
#.........##....#.#.#?.
#.###^######...........
#.###.######....#$....
#...#......>...###.....
###.#########..####.#.. #.#
#.......#.. ####.###
##'######


You could see a two-headed ogre.

Vanquished Creatures
  3 ice beasts
  2 ogres (D:5)
  A phantom (D:6)
  A bullfrog (D:6)
  3 scorpions
  A water moccasin skeleton (D:6)
  5 wights (D:6)
  A howler monkey (D:4)
  2 crimson imps
  6 hounds
  An orc priest (D:3)
  3 bullfrog skeletons
  2 orc wizards
  5 worker ants
  A howler monkey zombie (D:6)
  A worker ant zombie (D:6)
  3 adders
  4 gnolls
  3 shadow imps (D:5)
  An ooze (D:2)
  An adder skeleton (D:5)
  An adder zombie (D:5)
  3 worms
  4 dart slugs
  3 leopard geckos
  15 orcs
  4 ball pythons
  3 bats
  8 giant cockroaches
  7 goblins
  11 hobgoblins
  7 jackals
  7 kobolds
  3 quokkas
  3 frilled lizards
  2 jackal zombies
  A leopard gecko skeleton (D:5)
  8 rats
  A plant (D:1)
141 creatures vanquished.

Vanquished Creatures (others)
  A spectral weapon (D:6)
1 creature vanquished.

Grand Total: 142 creatures vanquished

Notes
Turn   | Place    | Note
-------+----------+-------------------------------------------
     0 | D:1      | Ablot the Gnoll Skald began the quest for the Orb.
     0 | D:1      | Reached XP level 1. HP: 20/20 MP: 6/6
   210 | D:1      | Reached XP level 2. HP: 26/26 MP: 7/7
   255 | D:1      | Learned a level 2 spell: Song of Slaying
   284 | D:1      | Learned a level 2 spell: Shroud of Golubria
   736 | D:1      | Reached XP level 3. HP: 12/31 MP: 9/9
   745 | D:1      | Learned a level 3 spell: Regeneration
   750 | D:1      | Learned a level 3 spell: Spectral Weapon
   805 | D:1      | Reached skill level 5 in Spellcasting
  1463 | D:2      | Reached skill level 1 in Invocations
  1634 | D:2      | Reached skill level 1 in Long Blades
  1634 | D:2      | Reached skill level 1 in Axes
  1634 | D:2      | Reached skill level 1 in Maces & Flails
  1634 | D:2      | Reached skill level 1 in Polearms
  1634 | D:2      | Reached skill level 1 in Staves
  1634 | D:2      | Reached skill level 1 in Slings
  1634 | D:2      | Reached skill level 1 in Bows
  1634 | D:2      | Reached skill level 1 in Crossbows
  1634 | D:2      | Reached skill level 1 in Throwing
  1634 | D:2      | Reached skill level 1 in Stealth
  1634 | D:2      | Reached skill level 1 in Shields
  1634 | D:2      | Reached skill level 1 in Unarmed Combat
  1634 | D:2      | Reached skill level 1 in Evocations
  1837 | D:3      | Reached XP level 4. HP: 38/38 MP: 1/11
  1914 | D:3      | Reached skill level 1 in Conjurations
  1914 | D:3      | Reached skill level 1 in Hexes
  1914 | D:3      | Reached skill level 1 in Summonings
  1914 | D:3      | Reached skill level 1 in Necromancy
  1914 | D:3      | Reached skill level 1 in Translocations
  1914 | D:3      | Reached skill level 1 in Transmutations
  1914 | D:3      | Reached skill level 1 in Fire Magic
  1914 | D:3      | Reached skill level 1 in Ice Magic
  1914 | D:3      | Reached skill level 1 in Air Magic
  1914 | D:3      | Reached skill level 1 in Earth Magic
  1914 | D:3      | Reached skill level 1 in Poison Magic
  2330 | D:3      | Reached XP level 5. HP: 36/43 MP: 10/12
  2697 | D:3      | Reached XP level 6. HP: 16/50 MP: 0/13
  3210 | D:4      | Found a white marble altar of Elyvilon.
  3210 | D:4      | Found a hazy altar of Hepliaklqana.
  3211 | D:4      | Found a glowing silver altar of Zin.
  3294 | D:4      | Reached skill level 5 in Fighting
  3294 | D:4      | Reached skill level 5 in Short Blades
  3294 | D:4      | Reached skill level 5 in Dodging
  3613 | D:5      | Entered Level 5 of the Dungeon
  3629 | D:5      | Reached XP level 7. HP: 46/56 MP: 13/15
  3677 | D:5      | Got a jet-encrusted leather armour
  3688 | D:5      | Identified the +1 leather armour "Ubinaesm" {+Fly rElec} (You found it on level 5 of the Dungeon)
  3712 | D:5      | Found Keschezirch's Antique Weapon Boutique.
  4292 | D:5      | Reached XP level 8. HP: 63/63 MP: 16/16
  4460 | D:5      | Found a sacrificial altar of Ru.
  5400 | D:6      | Noticed a two-headed ogre
  5815 | D:6      | Reached XP level 9. HP: 69/69 MP: 14/18
  5968 | D:6      | HP: 1/69 [two-headed ogre/giant club (13)]
  5970 | D:6      | Slain by a two-headed ogre

Vault maps used:
D:1:      denvon_arrival_planthouse, minmay_quantized
D:2:      kennysheep_generic_room_3
D:3:      cheibrodos_gnoll_hut
D:4:      gammafunk_temple_overflow_claw
D:5:      first_ration, serial_shops, nicolae_shop_overgrown_old_shop,
          nicolae_ru_path_of_blood

Skill      XL: |  1  2  3  4  5  6  7  8 |
---------------+-------------------------+-----
Spellcasting   | 5 6 |  6.3
Invocations    | 1 2 3 4 |  4.2
Long Blades    | 1 2 3 |  3.8
Axes           | 1 2 3 |  3.8
Maces & Flails | 1 2 3 |  3.8
Polearms       | 1 2 3 |  3.8
Staves         | 1 2 3 |  3.8
Slings         | 1 2 3 |  3.8
Bows           | 1 2 3 |  3.8
Crossbows      | 1 2 3 |  3.8
Throwing       | 1 2 3 |  3.8
Stealth        | 1 2 3 |  3.8
Shields        | 1 2 3 |  3.8
Unarmed Combat | 1 2 3 |  3.8
Evocations     | 1 2 3 |  3.8
Conjurations   | 1 2 3 |  3.1
Hexes          | 1 2 3 |  3.1
Summonings     | 1 2 3 |  3.1
Necromancy     | 1 2 3 |  3.1
Translocations | 1 2 3 |  3.1
Transmutations | 1 2 3 |  3.1
Fire Magic     | 1 2 3 |  3.1
Ice Magic      | 1 2 3 |  3.1
Air Magic      | 1 2 3 |  3.1
Earth Magic    | 1 2 3 |  3.1
Poison Magic   | 1 2 3 |  3.1
Armour         | 3 4 |  4.6
Fighting       | 5 6 |  6.0
Short Blades   | 5 6 |  6.0
Dodging        | 5 6 |  6.0
Charms         | 6 |  6.3

Action                   |  1- 3 |  4- 6 |  7- 9 || total
-------------------------+-------+-------+-------++-------
Melee: Short sword       |   191 |       |   171 ||   362
       Bite              |    31 |    25 |    48 ||   104
       Dagger            |    36 |   213 |   246 ||   495
       Punch             |       |       |     9 ||     9
 Cast: Infusion          |     2 |     1 |     5 ||     8
       Shroud of Golubri |     2 |     1 |     5 ||     8
       Song of Slaying   |     1 |     1 |     3 ||     5
       Regeneration      |     1 |     3 |     4 ||     8
       Spectral Weapon   |     1 |     3 |     7 ||    11
  Use: Scroll            |       |     5 |     7 ||    12
       Potion            |       |       |     2 ||     2
 Stab: Sleeping          |     3 |     1 |     8 ||    12
       Distracted        |       |     1 |     2 ||     3
  Eat: Chunk             |     3 |     7 |     5 ||    15
       Ration            |       |       |     1 ||     1
Armor: Leather armour    |    27 |    15 |    60 ||   102
       Skin              |       |       |     1 ||     1
Dodge: Dodged            |    72 |   105 |   168 ||   345

Table legend:
 A = Spawn XP
 B = Non-spawn XP
 C = Spawn XP percentage of total XP
 D = Spawn monster count
 E = Non-spawn monster count
 F = Spawn count percentage of total count
 G = Total turns spent on level
                    A         B        C        D         E        F      G
               +---------+---------+-------+---------+---------+-------+---------
         Total |       0 |    2577 |   0.0 |       0 |     140 |   0.0 |  5970
               +---------+---------+-------+---------+---------+-------+---------
           D:1 |       0 |      41 |   0.0 |       0 |      22 |   0.0 |  1104
           D:2 |       0 |      39 |   0.0 |       0 |      19 |   0.0 |   748
           D:3 |       0 |     242 |   0.0 |       0 |      28 |   0.0 |  1122
           D:4 |       0 |     287 |   0.0 |       0 |      15 |   0.0 |   639
           D:5 |       0 |     742 |   0.0 |       0 |      30 |   0.0 |   917
           D:6 |       0 |    1226 |   0.0 |       0 |      26 |   0.0 |  1440
               +---------+---------+-------+---------+---------+-------+---------
